 Seeded DCSS version 0.30.1-11-g7821555f0a (webtiles) character file.

Game seed: 1004201911576861818 (custom seed)

760 Nonny the Covert (level 8, 0/72 HPs)
             Began as a Kobold Brigand on Dec 1, 2023.
             Was an Initiate of Gozag.
             Slain by a shadow imp (4 damage)
             ... on level 5 of the Dungeon.
             The game lasted 00:07:57 (4516 turns).

Nonny the Covert (Kobold Brigand)                   Turns: 4516, Time: 00:07:59

Health: 0/72       AC: 24    Str:  8    XL:     8   Next: 7%
Magic:  8/8        EV:  3    Int: 12    God:    Gozag
Gold:   367        SH:  0    Dex: 19    Spells: 7/7 levels left

rFire   . . .        a - +2 dagger
rCold   . . .        (no shield)
rNeg    . . .        b - melded +0 robe
rPois   +            v - melded +0 helmet
rElec   .            c - melded +0 cloak
rCorr   .            (gloves currently unavailable)
SInv    .            (boots currently unavailable)
Will    .....        (no amulet)
Stlth   +++++        (no ring)
HPRegen 0.32/turn    (no ring)
MPRegen 0.11/turn

%: no passive effects
@: tree-form
A: stationary, stasis, torment immunity, boosted hp, small, no large weapons,
nightstalker 3
a: Renounce Religion, Potion Petition, Call Merchant, Bribe Branch


You were on level 5 of the Dungeon.
You worshipped Gozag.
Gozag was aware of your devotion.
You were a tree.
You visited 2 branches of the dungeon, and saw 6 of its levels.

You collected 706 gold pieces.
You spent 250 gold pieces at shops.
You paid 89 gold pieces to Gozag.

Inventory:

Hand Weapons
 a - a +2 dagger (weapon)
Missiles
 d - 20 poisoned darts (quivered)
 e - 3 curare-tipped darts
 f - 57 stones
 g - a throwing net
Armour
 b - a +0 robe (melded)
 c - a +0 cloak (melded)
 v - a +0 helmet (melded)
Wands
 k - a wand of paralysis (6)
 y - a wand of roots (10)
Scrolls
 l - 2 scrolls of blinking {unknown}
 m - a scroll of fog {unknown}
 o - 3 scrolls of teleportation {unknown}
 r - a scroll of magic mapping {unknown}
 s - a scroll of acquirement {unknown}
 w - a scroll of torment {unknown}
 x - a scroll of summoning {unknown}
Potions
 h - a potion of invisibility
 i - 4 potions of curing
 j - 2 potions of might
 n - a potion of lignification
 p - a potion of flight {unknown}
 q - 2 potions of attraction {unknown}
 t - a potion of mutation {unknown}
 u - a potion of degeneration {unknown}
 z - a potion of berserk rage
 A - a potion of cancellation {unknown}


   Skills:
 + Level 4.1 Fighting
 + Level 5.9 Short Blades
 - Level 2.1 Throwing
 + Level 3.6 Dodging
 + Level 9.4 Stealth
 * Level 1.8 Evocations


You had 7 spell levels left.
You didn't know any spells.
Your spell library contained the following spells:

 Spells                   Type           Power      Damage    Failure   Level
 Magic Dart               Conj           0%         1d3       32%         1
 Call Imp                 Summ           0%         N/A       45%         2
 Mephitic Cloud           Conj/Pois/Air  0%         N/A       69%         3


Dungeon Overview and Level Annotations

Branches:
Dungeon (5/15)             Temple (1/1) D:4

Altars:
Ashenzari
Cheibriados
Dithmenos
Fedhas
Gozag
Hepliaklqana
Kikubaaqudgha
Nemelex Xobeh
Okawaru
Ru
Sif Muna
Trog
Uskayaw
Yredelemnul
Zin
The Shining One

Shops:
D:2 *(((!   D:5 *[

Annotations:
D:3 1 runed translucent door, exclusion: door, rozman's ghost, amateur HOMo


Innate Abilities, Weirdness & Mutations

You are a tree.
Your roots penetrate the ground, keeping you stationary.
You cannot be teleported.
You are immune to unholy pain and torment.
Your maximum health is greatly increased.
Your equipment is partially melded.
You are small and have problems with some larger weapons.
You are completely attuned to the shadows.


Message History

* * * LOW HITPOINT WARNING * * *
You hit the iguana but do no damage.
The iguana is severely wounded.
The shadow imp completely misses you.
The iguana bites you but does no damage.
Unknown command.
You hit the iguana but do no damage.
The iguana is severely wounded.
You hit the iguana.
The iguana is severely wounded.
The shadow imp hits you but does no damage.
The iguana bites you but does no damage.
You hit the iguana but do no damage.
The iguana is severely wounded.
The shadow imp hits you.
* * * LOW HITPOINT WARNING * * *
The iguana bites you but does no damage.
You hit the iguana.
The iguana is almost dead.
You hit the iguana but do no damage.
The iguana is almost dead.
The iguana bites you but does no damage.
The shadow imp hits you but does no damage.
You closely miss the iguana.
The iguana is almost dead.
The iguana bites you but does no damage.
The shadow imp hits you but does no damage.
You hit the iguana but do no damage.
The iguana is almost dead.
The shadow imp hits you but does no damage.
The iguana bites you but does no damage.
You barely miss the iguana.
The iguana is almost dead.
You hit the iguana but do no damage.
The iguana is almost dead.
The iguana bites you.
* * * LOW HITPOINT WARNING * * *
The shadow imp hits you.
You die...
Your body crumbles into a pile of gold.

#.##..##.>...
..##......∩.....
...............#
.....###.#.#...#
##...................
.....................
.........###.#.##..#
#l5.....# #.#.##..#
+.♣.....###.#......
#........##.#.....#
#........##.####...
##...........<# #.##
...#'###..##.## #.#
......##..##.####)##
.......#........)...
######.##.##........
#.##.######....


You could see an iguana and a shadow imp.

Vanquished Creatures
  Edmund (D:4)
  A water moccasin (D:5)
  A phantom (Temple)
  A scorpion (D:5)
  2 hounds
  An orc priest (D:4)
  Crazy Yiuf (D:4)
  A jelly (D:5)
  Robin (D:4)
  9 gnolls
  7 adders
  An ufetubus (D:5)
  A worm (D:2)
  A dart slug (D:3)
  6 orcs
  2 endoplasms
  5 giant cockroaches
  11 goblins
  11 hobgoblins
  11 kobolds
  5 quokkas
  8 ball pythons
  5 bats
  4 frilled lizards
  6 rats
103 creatures vanquished.

Notes
Turn   | Place    | Note
-------+----------+-------------------------------------------
     0 | D:1      | Nonny the Kobold Brigand began the quest for the Orb.
     0 | D:1      | Reached XP level 1. HP: 12/12 MP: 1/1
   286 | D:1      | Reached XP level 2. HP: 8/17 MP: 2/2
   472 | D:1      | Reached skill level 6 in Stealth
   916 | D:2      | Found Idyff's Distillery.
  1157 | D:2      | Reached XP level 3. HP: 22/22 MP: 3/3
  1458 | D:4      | Found a staircase to the Ecumenical Temple.
  1464 | Temple   | Entered the Ecumenical Temple
  1470 | Temple   | Became a worshipper of Gozag Ym Sagoz the Greedy
  1519 | D:2      | Reached skill level 7 in Stealth
  1548 | D:2      | Found Mahigg's Weapon Emporium.
  1645 | D:2      | Found Sexeit's Antique Weapon Emporium.
  1805 | D:2      | Reached XP level 4. HP: 18/27 MP: 4/4
  1861 | D:2      | Found Olaf's General Store.
  2097 | D:2      | Found Bahi's Weapon Shop.
  2425 | D:3      | Found a glowing silver altar of Zin.
  2434 | D:3      | Found a shimmering blue altar of Sif Muna.
  2683 | D:3      | Reached XP level 5. HP: 31/31 MP: 5/5
  2742 | D:3      | Found a runed translucent door.
  2746 | D:3      | Noticed rozman's ghost (amateur HOMo)
  2865 | D:4      | Reached skill level 8 in Stealth
  2909 | D:4      | Reached XP level 6. HP: 8/36 MP: 6/6
  3047 | D:4      | Found a runed translucent door.
  3050 | D:4      | Noticed Crazy Yiuf
  3055 | D:4      | Killed Crazy Yiuf
  3118 | D:4      | Noticed Edmund
  3122 | D:4      | Killed Edmund
  3137 | D:4      | Found a glowing golden altar of the Shining One.
  3143 | D:4      | Reached XP level 7. HP: 30/41 MP: 7/7
  3357 | Temple   | Reached skill level 9 in Stealth
  3810 | D:4      | Found a sparkling altar of Nemelex Xobeh.
  3841 | D:4      | Noticed Robin
  3882 | D:4      | Killed Robin
  4084 | D:5      | Entered Level 5 of the Dungeon
  4090 | D:5      | Reached skill level 5 in Short Blades
  4133 | D:5      | Found Qeps's Antique Armour Emporium.
  4220 | D:5      | Noticed a water moccasin
  4224 | D:5      | Killed a water moccasin
  4225 | D:5      | Reached skill level 1 in Evocations
  4371 | D:5      | Found Nenuaqas's Assorted Antiques.
  4376 | D:5      | Bought a scroll labelled GYUNY WOSO for 23 gold pieces
  4376 | D:5      | Bought a potion of berserk rage for 115 gold pieces
  4376 | D:5      | Bought a fluorescent wand for 92 gold pieces
  4376 | D:5      | Bought an amethyst potion for 20 gold pieces
  4461 | D:5      | Reached XP level 8. HP: 48/48 MP: 8/8
  4516 | D:5      | Slain by a shadow imp

Illustrated notes

Levels and vault maps discovered:
D:1:      sevenhm_arrival_forest_fort_small_4, layout_basic
D:2:      layout_loops_corners, serial_shops, shop, shop, nicolae_shop_trees,
          shop, nicolae_shop_getting_attention, minmay_close_crescents
D:3:      layout_rooms, mainiacjoe_overflow_swirl, ebering_ghost_sewer_d,
          lightli_corner_chamber
D:4:      layout_basic, nicolae_overflow_crystal_walls,
          nicolae_overflow_hidden_temple, nemelex_xobeh_ov_fountains_minmay,
          minmay_temple_entry_junction_2, uniq_robin, uniq_edmund,
          uniq_crazy_yiuf_cottage
D:5:      layout_basic, serial_shops, nicolae_shop_trees, shop
Temple:   nicolae_temple_bog_church

Skill      XL: |  1  2  3  4  5  6  7 |
---------------+----------------------+-----
Stealth        | 6 7 8 9 |  9.4
Short Blades   | 3 4 5 |  5.9
Dodging        | 2 3 |  3.6
Fighting       | 3 4 |  4.1
Evocations     | 1 |  1.8
Throwing       | |  2.1

Action                     |  1- 3 |  4- 6 |  7- 9 || total
---------------------------+-------+-------+-------++-------
  Melee: Dagger            |    96 |   114 |   160 ||   370
         Punch             |       |       |     1 ||     1
  Evoke: Wand              |       |     1 |       ||     1
    Use: Scroll            |     4 |     4 |       ||     8
         Potion            |       |     3 |     1 ||     4
   Stab: Sleeping          |    18 |    15 |     7 ||    40
         Distracted        |       |     2 |     2 ||     4
         Paralysed         |       |     1 |       ||     1
 Armour: Robe              |    20 |    15 |    13 ||    48
         Skin              |       |    23 |    13 ||    36
  Dodge: Dodged            |    34 |    94 |    81 ||   209
